| TOP OF THE 1ST |
|
Pawtucket Red Sox batting - Pitching for Rochester Red Wings : LHP Matt Walton
|
|
Pitching: LHP Matt Walton
|
|
|
Batting: RHB Matt Hinkle
|
0-0: Called Strike 0-1: Ground out 5-3 (Groundball, 56S, EV 68.8 MPH)
|
|
Batting: RHB Brandon Perris
|
0-0: Ball 1-0: Called Strike 1-1: Ball 2-1: Swinging Strike 2-2: Foul Ball, location: 2F 2-2: Ball 3-2: Ground out 6-3 (Groundball, 6, EV 95.0 MPH)
|
|
Batting: RHB John Chiesa
|
0-0: Ball 1-0: Ball 2-0: Foul Ball, location: 2F 2-1: Ball 3-1: Base on Balls
|
|
Batting: RHB Ernie Genier
|
0-0: Ball 1-0: Swinging Strike 1-1: Fielders Choice at 2nd, 6-4 (Groundball, 6, EV 98.1 MPH)
|
| Top of the 1st over - 0 runs, 0 hits, 0 errors, 1 left on base; Pawtucket 0 - Rochester 0 |
| BOTTOM OF THE 1ST |
|
Rochester Red Wings batting - Pitching for Pawtucket Red Sox : RHP Andy Garvin
|
|
Pitching: RHP Andy Garvin
|
|
|
Batting: RHB Joe Young
|
0-0: Ball 1-0: Foul Ball, location: 2F 1-1: Foul Ball, location: 2F 1-2: Ball 2-2: Ball 3-2: Ground out 4-3 (Groundball, 13, EV 88.8 MPH)
|
|
Batting: SHB Ian Thompson
|
0-0: Ball 1-0: SINGLE (Groundball, 5L, EV 104.4 MPH) (infield hit)
|
|
Batting: LHB Chaim Huting
|
0-0: Ball 1-0: Ball 2-0: Ball 3-0: Base on Balls Ian Thompson to second
|
|
Batting: SHB Dan Morataya
|
0-0: Ball 1-0: Called Strike 1-1: Swinging Strike 1-2: Reached on error, E2 (Groundball, 2R, EV 70.0 MPH) Ian Thompson to third Chaim Huting to second
|
|
Batting: LHB Chris Munguia
|
0-0: Ball 1-0: Called Strike 1-1: Foul Ball, location: 2F 1-2: Fielders Choice at 2nd, 4-6 (Groundball, 4S, EV 84.4 MPH) Ian Thompson scores Chaim Huting to third
|
|
Batting: RHB Manuel Juarez
|
0-0: Ball 1-0: Swinging Strike 1-1: Called Strike 1-2: Strikes out swinging
|
| Bottom of the 1st over - 1 run, 1 hit, 1 error, 2 left on base; Pawtucket 0 - Rochester 1 |
| TOP OF THE 2ND |
|
Pawtucket Red Sox batting - Pitching for Rochester Red Wings : LHP Matt Walton
|
|
Batting: RHB Sal Rivera
|
0-0: Ball 1-0: Ground out 4-3 (Groundball, 4, EV 105.6 MPH)
|
|
Batting: SHB Ben Ervin
|
0-0: Ball 1-0: Called Strike 1-1: Foul Ball, location: 2F 1-2: Ball 2-2: Strikes out swinging
|
|
Batting: RHB Neil Mautone
|
0-0: Called Strike 0-1: Ball 1-1: Foul Ball, location: 9LSF, Error on foul ball, E9 1-2: SINGLE (Groundball, 6D, EV 103.1 MPH)
|
|
Batting: RHB Andy Garvin
|
0-0: Ball 1-0: Foul Ball, location: 2F 1-1: Foul Ball, location: 2F 1-2: Ground out 1-3 (Groundball, 15, EV 74.4 MPH)
|
| Top of the 2nd over - 0 runs, 1 hit, 1 error, 1 left on base; Pawtucket 0 - Rochester 1 |
| BOTTOM OF THE 2ND |
|
Rochester Red Wings batting - Pitching for Pawtucket Red Sox : RHP Andy Garvin
|
|
Batting: SHB Manny Molina
|
0-0: Ball 1-0: Bunt missed! 1-1: Ball 2-1: Foul Ball, location: 2F 2-2: TRIPLE (Groundball, 3L, EV 105.0 MPH)
|
|
Batting: RHB Ryan Gautney
|
0-0: Foul Ball, location: 2F 0-1: Ball 1-1: Ground out U3 (Groundball, 3S, EV 69.4 MPH)
|
|
Batting: RHB Juan Espinoza
|
0-0: Called Strike 0-1: Ball 1-1: Reached on error, E2 (Groundball, 15S, EV 68.1 MPH) Manny Molina scores
|
|
Batting: RHB Joe Young
|
0-0: Ball 1-0: Swinging Strike 1-1: Foul Ball, location: 2F 1-2: Ball 2-2: Foul Ball, location: 2F 2-2: Fly out, F8 (Flyball, 8RM, EV 84.4 MPH)
|
|
Batting: SHB Ian Thompson
|
0-0: Ground out 1-3 (Groundball, 13, EV 69.4 MPH)
|
| Bottom of the 2nd over - 1 run, 1 hit, 1 error, 1 left on base; Pawtucket 0 - Rochester 2 |
| TOP OF THE 3RD |
|
Pawtucket Red Sox batting - Pitching for Rochester Red Wings : LHP Matt Walton
|
|
Batting: RHB David Norum
|
0-0: Called Strike 0-1: Swinging Strike 0-2: Strikes out swinging
|
|
Batting: RHB Matt Hinkle
|
0-0: Ball 1-0: Swinging Strike 1-1: Foul Ball, location: 2F 1-2: Ball 2-2: Ground out 6-3 (Groundball, 6, EV 87.5 MPH)
|
|
Batting: RHB Brandon Perris
|
0-0: Ball 1-0: Swinging Strike 1-1: Called Strike 1-2: Strikes out looking
|
| Top of the 3rd over - 0 runs, 0 hits, 0 errors, 0 left on base; Pawtucket 0 - Rochester 2 |
| BOTTOM OF THE 3RD |
|
Rochester Red Wings batting - Pitching for Pawtucket Red Sox : RHP Andy Garvin
|
|
Batting: LHB Chaim Huting
|
0-0: Ball 1-0: Ball 2-0: Foul Ball, location: 2F 2-1: Reached on error, E5 (Groundball, 5, EV 109.4 MPH)
|
|
Batting: SHB Dan Morataya
|
0-0: Ball 1-0: Fly out, F7 (Flyball, 7, EV 85.0 MPH)
|
|
Batting: LHB Chris Munguia
|
0-0: Called Strike 0-1: Fielders Choice at 2nd, 4-6 (Groundball, 34, EV 79.4 MPH)
|
|
Batting: RHB Manuel Juarez
|
0-0: Called Strike 0-1: Ground out 5-3 (Groundball, 15, EV 80.0 MPH)
|
| Bottom of the 3rd over - 0 runs, 0 hits, 1 error, 1 left on base; Pawtucket 0 - Rochester 2 |
| TOP OF THE 4TH |
|
Pawtucket Red Sox batting - Pitching for Rochester Red Wings : LHP Matt Walton
|
|
Batting: RHB John Chiesa
|
0-0: Fly out, F7 (Flyball, 78M, EV 96.2 MPH)
|
|
Batting: RHB Ernie Genier
|
0-0: Fly out, F6 (Popup, 4MD, EV 63.1 MPH)
|
|
Batting: RHB Sal Rivera
|
0-0: SINGLE (Groundball, 5S, EV 66.9 MPH) (infield hit)
|
|
Batting: SHB Ben Ervin
|
0-0: Foul Ball, location: 2F 0-1: Called Strike 0-2: Ball 1-2: Strikes out looking
|
| Top of the 4th over - 0 runs, 1 hit, 0 errors, 1 left on base; Pawtucket 0 - Rochester 2 |
| BOTTOM OF THE 4TH |
|
Rochester Red Wings batting - Pitching for Pawtucket Red Sox : RHP Andy Garvin
|
|
Batting: SHB Manny Molina
|
0-0: Ball 1-0: Ball 2-0: Foul Ball, location: 2F 2-1: Swinging Strike 2-2: Foul Ball, location: 2F 2-2: Strikes out looking
|
|
Batting: RHB Ryan Gautney
|
0-0: Ball 1-0: Fly out, F7 (Line Drive, 7, EV 106.9 MPH)
|
|
Batting: RHB Juan Espinoza
|
0-0: Ball 1-0: Foul Ball, location: 2F 1-1: Foul Ball, location: 2F 1-2: Fly out, F3 (Popup, 34, EV 64.4 MPH)
|
| Bottom of the 4th over - 0 runs, 0 hits, 0 errors, 0 left on base; Pawtucket 0 - Rochester 2 |
| TOP OF THE 5TH |
|
Pawtucket Red Sox batting - Pitching for Rochester Red Wings : LHP Matt Walton
|
|
Batting: RHB Neil Mautone
|
0-0: Called Strike 0-1: Foul Ball, location: 2F 0-2: Ball 1-2: Ball 2-2: Fly out, F7 (Flyball, 78M, EV 95.6 MPH)
|
|
Batting: RHB Andy Garvin
|
0-0: Called Strike 0-1: Called Strike 0-2: Ball 1-2: SINGLE (Line Drive, 9S, EV 105.6 MPH)
|
|
Batting: RHB David Norum
|
0-0: Called Strike 0-1: Swinging Strike 0-2: Strikes out looking
|
|
Batting: RHB Matt Hinkle
|
0-0: Fielders Choice at 2nd, 5-4 (Groundball, 5, EV 98.8 MPH)
|
| Top of the 5th over - 0 runs, 1 hit, 0 errors, 1 left on base; Pawtucket 0 - Rochester 2 |
| BOTTOM OF THE 5TH |
|
Rochester Red Wings batting - Pitching for Pawtucket Red Sox : RHP Andy Garvin
|
|
Batting: RHB Joe Young
|
0-0: Foul Ball, location: 2F 0-1: Ball 1-1: Swinging Strike 1-2: Ball 2-2: Foul Ball, location: 2F 2-2: Fly out, F8 (Flyball, 8RD, EV 91.2 MPH)
|
|
Batting: SHB Ian Thompson
|
0-0: Ball 1-0: Called Strike 1-1: Ball 2-1: Foul Ball, location: 2F 2-2: Foul Ball, location: 2F 2-2: Ball 3-2: Foul Ball, location: 2F 3-2: Foul Ball, location: 2F 3-2: Foul Ball, location: 2F 3-2: Ground out U3 (Groundball, 3L, EV 107.5 MPH)
|
|
Batting: LHB Chaim Huting
|
0-0: Ball 1-0: Foul Ball, location: 2F 1-1: Ball 2-1: Foul Ball, location: 2F 2-2: Foul Ball, location: 2F 2-2: Ball 3-2: Foul Ball, location: 2F 3-2: Base on Balls
|
|
Batting: SHB Dan Morataya
|
0-0: Called Strike 0-1: Ball 1-1: Ball 2-1: Swinging Strike 2-2: DOUBLE (Line Drive, 9LS, EV 109.4 MPH) Chaim Huting to third Runner from 3rd tries for Home, throw by RF and OUT! 9-4-2
|
| Bottom of the 5th over - 0 runs, 1 hit, 0 errors, 1 left on base; Pawtucket 0 - Rochester 2 |
| TOP OF THE 6TH |
|
Pawtucket Red Sox batting - Pitching for Rochester Red Wings : LHP Matt Walton
|
|
Batting: RHB Brandon Perris
|
0-0: SINGLE (Flyball, 7LS, EV 92.5 MPH)
|
|
Batting: RHB John Chiesa
|
0-0: Called Strike 0-1: Grounds into double play, 6-4-3 (Groundball, 6S, EV 88.1 MPH)
|
|
Batting: RHB Ernie Genier
|
0-0: Ball 1-0: Ball 2-0: Ball 3-0: Base on Balls
|
|
Batting: RHB Sal Rivera
|
0-0: Called Strike 0-1: Called Strike 0-2: Strikes out swinging
|
| Top of the 6th over - 0 runs, 1 hit, 0 errors, 1 left on base; Pawtucket 0 - Rochester 2 |
| BOTTOM OF THE 6TH |
|
Rochester Red Wings batting - Pitching for Pawtucket Red Sox : RHP Andy Garvin
|
|
Batting: LHB Chris Munguia
|
0-0: Called Strike 0-1: Swinging Strike 0-2: Ball 1-2: Strikes out swinging
|
|
Pitching: RHP Jose Escobar
|
|
|
Batting: RHB Manuel Juarez
|
0-0: Swinging Strike 0-1: Called Strike 0-2: Foul Ball, location: 2F 0-2: Ball 1-2: Strikes out looking
|
|
Batting: SHB Manny Molina
|
0-0: Ball 1-0: Ball 2-0: Ball 3-0: Base on Balls
|
|
Batting: RHB Ryan Gautney
|
0-0: Called Strike 0-1: Swinging Strike 0-2: Strikes out swinging
|
| Bottom of the 6th over - 0 runs, 0 hits, 0 errors, 1 left on base; Pawtucket 0 - Rochester 2 |
| TOP OF THE 7TH |
|
Pawtucket Red Sox batting - Pitching for Rochester Red Wings : LHP Matt Walton
|
|
Batting: SHB Ben Ervin
|
0-0: Swinging Strike 0-1: Ball 1-1: Ball 2-1: Fly out, F4 (Popup, 34, EV 76.2 MPH)
|
|
Batting: RHB Neil Mautone
|
0-0: Ball 1-0: Ball 2-0: Called Strike 2-1: Foul Ball, location: 2F 2-2: Ground out 4-3 (Groundball, 4M, EV 81.9 MPH)
|
|
Batting: RHB Andy Garvin
|
0-0: Ball 1-0: Foul Ball, location: 2F 1-1: Ball 2-1: Ground out 6-3 (Groundball, 6S, EV 68.1 MPH)
|
| Top of the 7th over - 0 runs, 0 hits, 0 errors, 0 left on base; Pawtucket 0 - Rochester 2 |
| BOTTOM OF THE 7TH |
|
Rochester Red Wings batting - Pitching for Pawtucket Red Sox : RHP Jose Escobar
|
|
Batting: RHB Juan Espinoza
|
0-0: Swinging Strike 0-1: Foul Ball, location: 2F 0-2: Ball 1-2: Ball 2-2: DOUBLE (Line Drive, 8LXD, EV 102.5 MPH)
|
|
Batting: RHB Joe Young
|
0-0: Swinging Strike 0-1: Called Strike 0-2: Strikes out swinging
|
|
Batting: SHB Ian Thompson
|
0-0: Ball 1-0: Ball 2-0: Ball Balk! Juan Espinoza to third 3-0: Base on Balls
|
|
Batting: LHB Chaim Huting
|
0-0: Ball Ian Thompson steals 2nd base 1-0: Ball 2-0: Swinging Strike 2-1: Foul Ball, location: 2F 2-2: Strikes out swinging
|
|
Batting: SHB Dan Morataya
|
0-0: Foul Ball, location: 2F 0-1: Ball 1-1: Ball 2-1: Ball 3-1: Foul Ball, location: 2F 3-2: Fly out, F9 (Line Drive, 9D, EV 90.6 MPH)
|
| Bottom of the 7th over - 0 runs, 1 hit, 0 errors, 2 left on base; Pawtucket 0 - Rochester 2 |
| TOP OF THE 8TH |
|
Pawtucket Red Sox batting - Pitching for Rochester Red Wings : LHP Matt Walton
|
|
Batting: RHB David Norum
|
0-0: Called Strike 0-1: Swinging Strike 0-2: Foul Ball, location: 2F 0-2: Ball 1-2: Ball 2-2: Ball 3-2: Strikes out swinging
|
|
Batting: RHB Matt Hinkle
|
0-0: Foul Ball, location: 2F 0-1: Ball 1-1: Foul Ball, location: 2F 1-2: Ground out 4-3 (Groundball, 4, EV 81.2 MPH)
|
|
Batting: RHB Brandon Perris
|
0-0: Ball 1-0: Swinging Strike 1-1: Fly out, F7 (Flyball, 78M, EV 83.8 MPH)
|
| Top of the 8th over - 0 runs, 0 hits, 0 errors, 0 left on base; Pawtucket 0 - Rochester 2 |
| BOTTOM OF THE 8TH |
|
Rochester Red Wings batting - Pitching for Pawtucket Red Sox : RHP Jose Escobar
|
|
Pitching: LHP Eric Del Sordo
|
|
|
Batting: LHB Chris Munguia
|
0-0: Swinging Strike 0-1: Swinging Strike 0-2: Ball 1-2: Strikes out swinging, 2-3 out at first.
|
|
Batting: RHB Manuel Juarez
|
0-0: Called Strike 0-1: Ball 1-1: Foul Ball, location: 2F 1-2: Fly out, F8 (Flyball, 8LD, EV 93.1 MPH)
|
|
Batting: SHB Manny Molina
|
0-0: Called Strike 0-1: Called Strike 0-2: Strikes out swinging
|
| Bottom of the 8th over - 0 runs, 0 hits, 0 errors, 0 left on base; Pawtucket 0 - Rochester 2 |
| TOP OF THE 9TH |
|
Pawtucket Red Sox batting - Pitching for Rochester Red Wings : LHP Matt Walton
|
|
Pitching: RHP Mark Case
|
|
|
Now at 1B: Jeremy Witt
|
|
|
Now at 2B: Joe Young
|
|
|
Now at 3B: Ryan Gautney
|
|
|
Now at SS: Dan Grable
|
|
|
Now in CF: Juan Espinoza
|
|
|
Batting: RHB John Chiesa
|
0-0: Fly out, F7 (Flyball, 7D, EV 90.6 MPH)
|
|
Batting: RHB Ernie Genier
|
0-0: Ball 1-0: Called Strike 1-1: Called Strike 1-2: Ground out 6-3 (Groundball, 6M, EV 86.2 MPH)
|
|
Batting: RHB Sal Rivera
|
0-0: Called Strike 0-1: Ball 1-1: Ball 2-1: Swinging Strike 2-2: Ball 3-2: Strikes out swinging
|
| Top of the 9th over - 0 runs, 0 hits, 0 errors, 0 left on base; Pawtucket 0 - Rochester 2 |
|